 Dungeon Crawl Stone Soup version 0.29.1-12-g30fa7ad0bf (webtiles) character file.

Game seed: 18428444395079241231

69 Cerpago the Chopper (level 4, -1/40 HPs)
             Began as a Draconian Chaos Knight on Jan 12, 2023.
             Was a Plaything of Xom.
             Slain by an elephant (glowing shapeshifter) (2 damage)
             ... on level 2 of the Dungeon.
             The game lasted 00:11:38 (1436 turns).

Cerpago the Chopper (Draconian Chaos Knight)        Turns: 1436, Time: 00:11:38

Health: -1/40      AC:  5    Str: 15    XL:     4   Next: 2%
Magic:  4/4        EV: 10    Int: 16    God:    Xom [.*....]
Gold:   22         SH:  6    Dex: 10    Spells: 3/3 levels left

rFire   . . .      SeeInvis .   e - +2 hand axe (elec)
rCold   . . .      Faith    .   j - +0 kite shield
rNeg    . . .      Spirit   .   (body armour unavailable)
rPois   .          Reflect  .   (helmet restricted)
rElec   .          Harm     .   (no cloak)
rCorr   .          Rampage  .   (no gloves)
Will    .....                   (no boots)
Stlth   +.........              (no amulet)
HPRegen 0.13/turn               (no ring)
MPRegen 0.09/turn               (no ring)

@: flying
A: AC +5, unfitting armour, cold-blooded, big wings, clever 1, subdued magic 1
a: Renounce Religion


You were on level 2 of the Dungeon.
You worshipped Xom.
You were a plaything of Xom.
You visited 1 branch of the dungeon, and saw 2 of its levels.

You collected 22 gold pieces.

Inventory:

Hand Weapons
 a - a +0 hand axe of chaos
 e - a +2 hand axe of electrocution (weapon)
Armour
 j - a +0 kite shield (worn)
Scrolls
 g - a scroll of blinking
 h - 5 scrolls of identify
Potions
 c - 2 potions of heal wounds {unknown}
 d - 2 potions of haste {unknown}
 f - a potion of might {unknown}
 i - a potion of degeneration {unknown}
 k - a potion of curing {unknown}
 l - a potion of attraction {unknown}
Miscellaneous
 b - a piece from Xom's chessboard (15/15) (quivered)


   Skills:
 + Level 3.8 Fighting
 + Level 4.2 Axes
 + Level 2.5 Dodging
 + Level 0.1 Stealth


You had 3 spell levels left.
You didn't know any spells.
Your spell library contained the following spells:

 Spells                   Type           Power      Damage    Failure   Level
 Summon Guardian Golem    Hex/Summ       0%         N/A       94%         3
 Corpse Rot               Necr/Pois/Air  0%         N/A       100%        4
 Dispel Undead            Necr           0%         3d6       100%        4
 Leda's Liquefaction      Hex/Erth       0%         N/A       100%        4
 Lee's Rapid Deconstruct  Erth           0%         3d5*      100%        5
 Death Channel            Necr           0%         N/A       100%        6
 Statue Form              Tmut/Erth      0%         N/A       100%        6
 Orb of Destruction       Conj           0%         9d5       100%        7
 Spellforged Servitor     Conj/Summ      0%         N/A       100%        7


Dungeon Overview and Level Annotations

Branches:
Dungeon (2/15)

Altars:
Ashenzari


Innate Abilities, Weirdness & Mutations

Your plain brown scales are hard. (AC +5)
You cannot fit into any form of body armour.
You are cold-blooded and may be slowed by cold attacks.
Your large and strong wings let you fly.
Your mind is acute. (Int +4, Str/Dex -1)
Your spells are a little easier to cast, but a little less powerful.


Message History

You slash the adder!
Your tail-slap misses the adder.
The adder is heavily wounded.
You block the adder's attack.
You hit the adder.
You kill the adder!
You see here a +0 club.
A hobgoblin comes into view.
The hobgoblin shouts!
You hit the hobgoblin.
You kill the hobgoblin!
You have reached level 4!
You feel agile.
d - 2 cyan potions (gained 1)
A rat comes into view.
Found a scroll of identify.
You hit the rat.
You kill the rat!
You see here a rat corpse.
h - 5 scrolls of identify (gained 1)
A hobgoblin comes into view.
The hobgoblin shouts! "Hum-dee-hum-dee-hum..."
The hobgoblin changes into a glowing shapeshifter!
The glowing shapeshifter changes into a deep troll!
You hit the deep troll.
Your tail-slap misses the deep troll.
The deep troll is lightly wounded.
The deep troll bites you! The deep troll claws you! x2
* * * LOW HITPOINT WARNING * * *
Xom roars with laughter!
A shower of butterflies erupts from you!
You hit the deep troll but do no damage.
You tail-slap the deep troll.
The deep troll is lightly wounded.
The deep troll changes into an elephant!
You swap places.
You swap places.
The elephant tramples you but does no damage.
The elephant trunk-slaps you.
You die...
Xom thinks this is hilarious!

#..# #. .... #.#
##b.# .........#
.......# #.##..#
#.bbYb#####
#...@b....##..##
.. #.##.####.#
......
#.#####.##.# #.#
...#.#
#..........# #.#
......
#######.####
##.###..#.# #.#
#.......#.# #†#
#..###.##.###.
#.#
#......#...##.
##.#
#.####...#....


You could see an elephant shaped shifter (ally target).

Vanquished Creatures
  Jessica (D:2)
  An adder (D:2)
  A worm (D:2)
  4 bats (D:1)
  4 endoplasms
  A giant cockroach (D:2)
  5 goblins
  2 hobgoblins
  3 quokkas (D:1)
  A ball python (D:1)
  2 kobolds
  3 rats
28 creatures vanquished.

Notes
Turn   | Place    | Note
-------+----------+-------------------------------------------
     0 | D:1      | Cerpago the Draconian Chaos Knight began the quest for the
                  | Orb.
     0 | D:1      | Reached XP level 1. HP: 19/19 MP: 1/1
   122 | D:1      | XOM is BORED!
   122 | D:1      | XOM: 1-stop teleportation journey
   191 | D:1      | XOM: 1-stop teleportation journey
   272 | D:1      | Reached XP level 2. HP: 17/26 MP: 2/2
   436 | D:1      | Found a faded altar of an unknown god.
   789 | D:1      | XOM: 8-stop teleportation journey
  1050 | D:1      | Gained mutation: Your spells are a little easier to cast,
                  | but a little less powerful. [potion of mutation]
  1050 | D:1      | Gained mutation: Your large and strong wings let you fly.
                  | [potion of mutation]
  1050 | D:1      | Gained mutation: Your mind is acute. (Int +4, Str/Dex -1)
                  | [potion of mutation]
  1076 | D:2      | Found a broken altar of Ashenzari.
  1133 | D:2      | Noticed Jessica
  1140 | D:2      | Killed Jessica
  1141 | D:2      | Reached XP level 3. HP: 17/33 MP: 3/3
  1347 | D:2      | Reached skill level 4 in Axes
  1391 | D:2      | Reached XP level 4. HP: 40/40 MP: 4/4
  1432 | D:2      | Noticed a glowing shapeshifter
  1432 | D:2      | a hobgoblin changed into a glowing shapeshifter
  1432 | D:2      | XOM: polymorph hobgoblin -> glowing shapeshifter
  1432 | D:2      | Noticed a deep troll
  1432 | D:2      | a glowing shapeshifter changed into a deep troll
  1433 | D:2      | HP: 1/40 [deep troll (glowing shapeshifter) (13)]
  1433 | D:2      | XOM: butterfly on damage
  1434 | D:2      | Noticed an elephant
  1434 | D:2      | a deep troll changed into an elephant
  1436 | D:2      | Slain by an elephant (glowing shapeshifter)

Illustrated notes

Levels and vault maps discovered:
D:1:      dpeg_arrival_shrine, layout_loops_cross,
          hellmonk_ecumenical_altar_slurped_away
D:2:      minmay_inner_zag, layout_loops_ring, basic_altar, uniq_robin,
          uniq_jessica

Skill      XL: |  1  2  3 |
---------------+----------+-----
Axes           | 4 |  4.2
Fighting       | |  3.8
Dodging        | |  2.5
Stealth        | |  0.1

Action                   |  1- 3 |  4- 6 || total
-------------------------+-------+-------++-------
Melee: Hand axe          |    62 |     3 ||    65
       Tailslap          |     6 |     1 ||     7
       Punch             |     1 |       ||     1
  Use: Scroll            |     5 |       ||     5
       Potion            |     1 |       ||     1
Armor: Skin              |    12 |     1 ||    13
Dodge: Dodged            |    39 |       ||    39
Block: Kite shield       |     8 |       ||     8
